 Dungeon Sprint DCSS version 0.17.0-15-g6d90897 (webtiles) character file.

54 hexophile the Grappler (level 6, -21/57 HPs)
             Began as a Ghoul Monk on Nov 10, 2015.
             Was an Elder of Makhleb.
             Killed by an exploding giant spore (33 damage)
             ... in the Dungeon (Sprint VI: "Thunderdome").
             The game lasted 00:02:33 (277 turns).

hexophile the Grappler (Ghoul Monk)                  Turns: 277, Time: 00:02:33

Health: -21/57     AC:  2    Str: 17    XL:     6   Next: 13%
Magic:  8/8        EV: 13    Int:  9    God:    Makhleb [****..]
Gold:   145        SH:  0    Dex: 20    Spells: 0 memorised, 5 levels left

rFire  . . .     SeeInvis .       - Unarmed
rCold  + . .     Clarity  .     a - +0 robe
rNeg   + + +     SustAt   .     (no shield)
rPois  ∞         Gourm    .     (no helmet)
rElec  +         Spirit   .     (no cloak)
rCorr  .         Warding  .     (no gloves)
rMut   .         NoTele   +     (no boots)
MR     ++...                    m - amulet "Domil" {rElec MR+ Regen+ Dex+4}
Stlth  ++........               o - ring of Dariunod {Int+4 Slay+4}
                                n - ring "Xiojewnubb" {MR+ Dex+5}

@: rotting, very resistant to hostile enchantments, unstealthy
A: rotting body, claws 1, carnivore 3, cold resistance 1, negative energy
resistance 3, slow regeneration 1, torment resistance, unbreathing
a: Minor Destruction, Lesser Servant of Makhleb, Major Destruction, Renounce
Religion


You were in the Dungeon.
You worshipped Makhleb.
Makhleb was greatly pleased with you.
You were not hungry.

You visited 1 branch You collected 280 gold pieces.
You spent 135 gold pieces at shops.


Innate Abilities, Weirdness & Mutations

Your body is rotting away.
You thrive on raw meat.
You are immune to poison.
You have sharp fingernails.
You are carnivorous and can eat meat at any time.
Your flesh is cold resistant.
You are immune to negative energy.
You regenerate slowly when monsters are visible.
You are immune to unholy pain and torment.
You can survive without breathing.

Inventory:

Missiles
 F - a throwing net (quivered) {+f}
Armour
 a - a +0 robe (worn)
Jewellery
 m - the amulet "Domil" (around neck) {rElec MR+ Regen+ Dex+4}
   (You bought it in a shop in the Dungeon)

   [amulet of regeneration]

   It affects your dexterity (+4).
   It insulates you from electricity.
   It affects your resistance to hostile enchantments.
   It increases your rate of regeneration.
 n - the ring "Xiojewnubb" (left claw) {MR+ Dex+5}
   (You bought it in a shop in the Dungeon)

   [ring of dexterity]

   It affects your dexterity (+5).
   It affects your resistance to hostile enchantments.
 o - the ring of Dariunod (right claw) {Int+4 Slay+4}
   (You bought it in a shop in the Dungeon)

   [ring of slaying]

   It affects your intelligence (+4).
   It affects your accuracy and damage with ranged weapons and melee attacks
   (+4).
Wands
 j - a wand of cold (5)
 k - a wand of fire (5)
Scrolls
 h - 4 scrolls of blinking
 l - 3 scrolls of fog
Potions
 c - a potion of curing
 e - 4 potions of haste
 f - 2 potions of magic
 g - a potion of berserk rage
 i - a potion of resistance {rF+ rC+ rPois rElec rCorr}
Comestibles
 b - a meat ration
 p - 6 chunks of flesh


You had 5 spell levels left.
You didn't know any spells.


   Skills:
 * Level 5.7 Fighting
 - Level 2.6 Dodging
 - Level 2.1 Stealth
 * Level 12.1 Unarmed Combat
 * Level 4.4 Invocations

Dungeon Overview and Level Annotations

Branches:
Dungeon (1/1)

Altars:
Cheibriados
Dithmenos
Fedhas
Gozag
Kikubaaqudgha
Makhleb
Okawaru
Qazlal
Ru
Sif Muna
Trog
Vehumet
Xom
Yredelemnul
Zin
The Shining One
Jiyva
Lugonu

Shops:
D *[%??*?*:[((!!!!

Vault maps used:
D:        arena_sprint
You       could see an active ballistomycete.


Message History

The explosion of spores engulfs the ballistomycete.
The explosion of spores engulfs the active ballistomycete.
The explosion of spores engulfs the ballistomycete.
The explosion of spores engulfs you!
* * * LOW HITPOINT WARNING * * *
A fungus suddenly grows.
The explosion of spores engulfs the giant spore.
The giant spore explodes!
The explosion of spores engulfs the active ballistomycete.
The explosion of spores engulfs the ballistomycete. x4
A fungus suddenly grows. x2
The explosion of spores engulfs the ballistomycete. x4
You hear an explosion! x11
Unknown command.
Unknown command.
Unknown command.
Unknown command. !MASSIVE DAMAGE!
YOU LOST 22 HP!
You have now: 11/57 HP.
Unknown command.
Unknown command.
You hear an explosion! x3
A fungus suddenly grows.
You hear an explosion! x2
The explosion of spores engulfs the ballistomycete. x2
A fungus suddenly grows.
You hear an explosion! x3
The explosion of spores engulfs the ballistomycete. x4
The giant spore waves its rhizomes.
You hear an explosion! x4
The giant spore explodes!
The explosion of spores engulfs the ballistomycete. x14
The giant spore explodes!
The explosion of spores engulfs the active ballistomycete.
The explosion of spores engulfs the ballistomycete. x2
The explosion of spores engulfs the giant spore.
The giant spore explodes!
The explosion of spores engulfs the ballistomycete. x4
The explosion of spores engulfs the giant spore.
The giant spore explodes!
The explosion of spores engulfs the ballistomycete. x4
The explosion of spores engulfs the active ballistomycete.
The explosion of spores engulfs the ballistomycete. x3
A fungus suddenly grows.
The explosion of spores engulfs the ballistomycete. x2
The explosion of spores engulfs the giant spore.
The giant spore explodes!
A fungus suddenly grows.
The explosion of spores engulfs you!
Ouch! That really hurt!
You die...

Action                   |  1- 3 |  4- 6 || total
-------------------------+-------+-------++-------
Melee: Unarmed           |     8 |    21 ||    29
Invok: Lesser Servant of |       |     2 ||     2
  Use: Potion            |     1 |     3 ||     4
  Eat: Chunk             |       |     1 ||     1

Notes
Turn   | Place    | Note
--------------------------------------------------------------
     0 | D        | hexophile the Ghoul Monk began the quest for the Orb.
     0 | D        | Reached XP level 1. HP: 19/19 MP: 0/0
     3 | D        | Found a viscous altar of Jiyva.
     3 | D        | Found a bloodstained altar of Trog.
     4 | D        | Found a glowing silver altar of Zin.
     5 | D        | Found a blossoming altar of Fedhas.
     5 | D        | Found a burning altar of Makhleb.
     5 | D        | Round 1.
     6 | D        | Found Xejoy's Bee Food.
     6 | D        | Found a stormy altar of Qazlal.
     6 | D        | Found a corrupted altar of Lugonu.
     6 | D        | Found Beast's Identification Station.
     7 | D        | Found Degougud's Jewellery.
     7 | D        | Found Deasureh's Advanced Armour.
    15 | D        | Bought a scintillating crystal amulet for 45 gold pieces
    15 | D        | Bought a wavering bone ring for 45 gold pieces
    15 | D        | Bought a steaming amber ring for 45 gold pieces
    15 | D        | Identified the amulet "Domil" {rElec MR+ Regen+ Dex+4} (You bought it in a shop in the Dungeon)
    16 | D        | Identified the ring "Xiojewnubb" {MR+ Dex+5} (You bought it in a shop in the Dungeon)
    17 | D        | Identified the ring of Dariunod {Int+4 Slay+4} (You bought it in a shop in the Dungeon)
    21 | D        | Found an iron altar of Okawaru.
    23 | D        | Reached skill level 6 in Unarmed Combat
    23 | D        | Reached XP level 2. HP: 21/26 MP: 1/1
    24 | D        | Found a shadowy altar of Dithmenos.
    30 | D        | Became a worshipper of Makhleb the Destroyer
    30 | D        | Reached * piety under Makhleb
    30 | D        | Reached ** piety under Makhleb
    35 | D        | Found a radiant altar of Vehumet.
    35 | D        | Found Viwk's Premium Goods.
    36 | D        | Found Bakomeh's Miscellaneous Merchandise.
    36 | D        | Found Ilagg's Basic Armour.
    36 | D        | Noticed a gnoll sergeant
    37 | D        | Found a basalt altar of Yredelemnul.
    37 | D        | Found Douvyhe's Weapon Rack.
    47 | D        | Killed a gnoll sergeant
    47 | D        | Reached skill level 9 in Unarmed Combat
    47 | D        | Reached XP level 3. HP: 15/31 MP: 2/2
    47 | D        | Reached XP level 4. HP: 18/38 MP: 3/3
    48 | D        | Found a glowing golden altar of the Shining One.
    60 | D        | Reached skill level 10 in Unarmed Combat
    77 | D        | Reached *** piety under Makhleb
    77 | D        | Reached skill level 11 in Unarmed Combat
    77 | D        | Reached XP level 5. HP: 30/45 MP: 4/4
    88 | D        | Found an opulent altar of Gozag.
    88 | D        | Found Hywid's Do-It-Yourself Clinic.
    88 | D        | Found Cefel's Bottled Wisdom.
    89 | D        | Found Gymenout's Distillery.
    90 | D        | Found a shimmering altar of Xom.
    90 | D        | Found a sacrificial altar of Ru.
    90 | D        | Found Plog's Distillery.
    94 | D        | Found a snail-covered altar of Cheibriados.
    99 | D        | Found an ancient bone altar of Kikubaaqudgha.
    99 | D        | Found Wotrifot's Staff Store.
    99 | D        | Found Jeixoec's Must-Have Magic.
   100 | D        | Found Etwa's Magic Scroll Shop.
   101 | D        | Found a deep blue altar of Sif Muna.
   101 | D        | Found Jinuruy's Magic Scroll Shop.
   112 | D        | Arena points: 12 (+12) [x2]
   176 | D        | Round 2.
   189 | D        | Noticed an orc warrior
   196 | D        | Killed an orc warrior
   196 | D        | Reached skill level 5 in Fighting
   196 | D        | Reached skill level 3 in Invocations
   200 | D        | Reached skill level 12 in Unarmed Combat
   204 | D        | Reached **** piety under Makhleb
   204 | D        | Reached skill level 4 in Invocations
   216 | D        | Reached XP level 6. HP: 32/56 MP: 5/8
   228 | D        | Arena points: 54 (+42) [x3]
   259 | D        | Round 3.
   266 | D        | HP: 1/57 [something (21)]
   277 | D        | Killed by an exploding giant spore

Table legend:
 A = Turns spent in this place as a percentage of turns spent in the entire game.
 B = Non-inter-level travel turns spent in this place as a percentage of non-inter-level travel turns spent in the entire game.
 C = Inter-level travel turns spent in this place as a percentage of turns spent in this place.
 D = Turns resting spent in this place as a percentage of non-inter-level travel turns spent in this place.
 E = Turns spent auto-exploring this place as a percentage of non-inter-level travel turns spent in this place.
 F = Non-inter-level travel turns spent in this place divided by the number of levels of this place that you've seen.
                   A       B       C       D       E      F
               +-------+-------+-------+-------+-------+----------------------
         Total | 100.0 | 100.0 |   0.0 |   3.8 |   0.4 | 264.0
       Dungeon | 100.0 | 100.0 |   0.0 |   3.8 |   0.4 | 264.0
               +-------+-------+-------+-------+-------+----------------------

Table legend:
 A = Kills in this place as a percentage of kills in entire the game.
 B = Kills by you in this place as a percentage of kills by you in the entire game.
 C = Kills by friends in this place as a percentage of kills by friends in the entire game.
 D = Other kills in this place as a percentage of other kills in the entire game.
 E = Experience gained in this place as a percentage of experience gained in the entire game.
 F = Experience gained in this place divided by the number of levels of this place that you have seen.
                   A       B       C       D       E      F
               +-------+-------+-------+-------+-------+----------------------
         Total | 100.0 | 100.0 | 100.0 |  -nan | 100.0 | 360.0
       Dungeon | 100.0 | 100.0 | 100.0 |  -nan | 100.0 | 360.0
               +-------+-------+-------+-------+-------+----------------------

Vanquished Creatures
  A gnoll sergeant (D)
  2 gnoll shamans (D)
  An orc wizard (D)
  2 gnolls (D)
  2 orcs (D)
  A ballistomycete (D)
9 creatures vanquished.

Vanquished Creatures (collateral kills)
  An orc warrior (D)
  An orc priest (D)
  An orc (D)
3 creatures vanquished.

Vanquished Creatures (others)
  147 giant spores (D)
147 creatures vanquished.

Grand Total: 159 creatures vanquished
